 Dungeon Crawl Stone Soup version 0.27-a0-1232-gc6a4cbde82 (webtiles) character file.

Game seed: 12190658941886178276

384 ZappyNine the Skirmisher (level 7, 0/55 HPs)
             Began as a Formicid Abyssal Knight on June 8, 2021.
             Was a Priest of Lugonu.
             Succumbed to a scorpion's poison
             ... on level 4 of the Dungeon.
             The game lasted 00:06:45 (5415 turns).

ZappyNine the Skirmisher (Formicid Abyssal Knight)  Turns: 5415, Time: 00:06:45

Health: 0/55       AC:  3    Str: 17 (18) XL:     7   Next: 6%
Magic:  10/10      EV: 11    Int: 11 (12) God:    Lugonu [***...]
Gold:   214        SH:  0    Dex:  8 (10) Spells: 6/6 levels left

rFire    . . .     SeeInvis +   a - +1 spear
rCold    . . .     Faith    .   (no shield)
rNeg     . . .     Spirit   .   b - +0 leather armour
rPois    .         Reflect  .   (helmet unavailable)
rElec    .         Harm     .   (no cloak)
rCorr    .         Rampage  .   (no gloves)
Will     .....                  (no boots)
Stlth    +.........             (no amulet)
HPRegen  0.18/turn              (no ring)
MPRegen  0.12/turn              (no ring)

@: lethally poisoned (0 -> -4)
A: permanent stasis, dig shafts and tunnels, antennae 3, four strong arms
a: Dig, Shaft Self, Renounce Religion, Depart the Abyss, Bend Space, Banish


You were on level 4 of the Dungeon.
You worshipped Lugonu.
Lugonu was most pleased with you.
You visited 1 branch of the dungeon, and saw 4 of its levels.
You visited the Abyss 1 time.

You collected 214 gold pieces.

Inventory:

Hand Weapons
 a - a +1 spear (weapon)
Missiles
 c - 6 curare-tipped darts
 h - 3 atropa-tipped darts
Armour
 b - a +0 leather armour (worn)
Scrolls
 e - a scroll of enchant armour {unknown}
 g - a scroll of magic mapping
 i - a scroll of fog
 k - a scroll of identify
 l - a scroll of enchant weapon {unknown}
 m - a scroll of acquirement {unknown}
Potions
 d - a potion of degeneration
 f - 2 potions of magic
 j - a potion of haste


   Skills:
 + Level 4.6 Fighting
 + Level 3.4 Polearms
 + Level 3.9 Armour
 + Level 2.7 Dodging
 + Level 4.1 Invocations


You had 6 spell levels left.
You didn't know any spells.
Your spell library was empty.

Dungeon Overview and Level Annotations

Branches:
Dungeon (4/15)
 Temple: D:4-7

Altars:
Elyvilon


Innate Abilities, Weirdness & Mutations

You cannot be hasted, slowed, berserked, paralysed or teleported.
You can dig through walls and to a lower floor.
You have a pair of large antennae on your head. (SInv)
Your four strong arms can wield two-handed weapons with a shield.


Message History

The scorpion is severely wounded.
The scorpion closely misses you.
You barely miss the scorpion.
The scorpion is severely wounded.
The scorpion closely misses you.
Unknown command.
You hit the scorpion.
The scorpion is almost dead.
The scorpion stings you.
* * * LOW HITPOINT WARNING * * *
Unknown command.
You closely miss the scorpion.
The scorpion is almost dead.
The scorpion stings you.
* * * LOW HITPOINT WARNING * * *
You are poisoned.
The scorpion poisons you! The scorpion misses you.
Unknown command.
You hit the scorpion.
You kill the scorpion!
Lugonu accepts your kill.
* * * LOW HITPOINT WARNING * * *
You feel sick.
You have reached level 7!
You hit the endoplasm.
The endoplasm is severely wounded.
You feel sick. The endoplasm freezes you.
You are frozen.
* * * LOW HITPOINT WARNING * * *
Unknown command.
You barely miss the endoplasm.
The endoplasm is severely wounded.
* * * LOW HITPOINT WARNING * * *
You feel sick. The endoplasm hits you.
* * * LOW HITPOINT WARNING * * *
Unknown command.
You barely miss the endoplasm.
The endoplasm is severely wounded.
You die...

#.......### #.........#
........# .......#
######.....# .
...........# ♣♣
...........# #######
.......#.########......
.......#..J@....#.....#
?......########.#.....#
.......
#.....#.#.....####
.......
#.###.#.#........#
.......
#.#...#.#........###
.......
#.#.###.#........#.. {
#.#.....#........#.#
#.###.##'.....)†.#.#
#..#8.8##........#.#


You could see an endoplasm.

Vanquished Creatures
  An ogre (D:4)
  A scorpion (D:4)
  An orc priest (D:4)
  A bullfrog skeleton (D:4)
  An orc wizard (D:3)
  A hound skeleton (D:4)
  4 adders
  2 worms
  2 dart slugs
  12 orcs
  6 ball pythons
  11 endoplasms
  4 giant cockroaches
  4 goblins
  5 hobgoblins
  4 jackals (D:2)
  4 quokkas
  8 bats
  3 frilled lizards
  6 kobolds
  7 rats
88 creatures vanquished.

Vanquished Creatures (others)
  2 plants (D:4)
2 creatures vanquished.

Grand Total: 90 creatures vanquished

Notes
Turn   | Place    | Note
-------+----------+-------------------------------------------
     0 | Abyss:1  | ZappyNine the Formicid Abyssal Knight began the quest for
                  | the Orb.
     0 | Abyss:1  | Reached XP level 1. HP: 18/18 MP: 2/2
    10 | D:1      | Escaped the Abyss
    59 | D:1      | Reached skill level 1 in Dodging
   182 | D:1      | Reached XP level 2. HP: 24/24 MP: 3/3
   759 | D:1      | Reached XP level 3. HP: 29/29 MP: 4/4
  1496 | D:2      | Reached ** piety under Lugonu
  1536 | D:2      | Reached XP level 4. HP: 26/37 MP: 6/6
  3051 | D:3      | Reached XP level 5. HP: 41/42 MP: 7/7
  3409 | D:3      | Found a white marble altar of Elyvilon.
  3732 | D:4      | Noticed an ogre
  4556 | D:4      | HP: 1/42 [orc/+0 short sword (5)]
  4558 | D:4      | Reached XP level 6. HP: 2/48 MP: 8/8
  4899 | D:4      | Killed an ogre
  5263 | D:4      | Reached *** piety under Lugonu
  5413 | D:4      | Reached XP level 7. HP: 10/55 MP: 10/10
  5414 | D:4      | HP: 2/55 [poisoned by a scorpion]
  5415 | D:4      | Succumbed to a scorpion's poison

Illustrated notes

Levels and vault maps discovered:
D:1:      scummos_arrival_simple_crosswalls, layout_loops_ring, minmay_quantized
D:2:      layout_loops_ring, minmay_tromino_v2
D:3:      layout_loops_ring, lemuel_round_altar
D:4:      layout_basic, nicolae_overflow_hidden_temple, temple_statues,
          small_statue_intersection, serial_bayou_crossing

Skill      XL: |  1  2  3  4  5  6 |
---------------+-------------------+-----
Dodging        | 1 2 |  2.7
Invocations    | 3 4 |  4.1
Armour         | 3 |  3.9
Fighting       | 4 |  4.6
Polearms       | 3 |  3.4

Action                   |  1- 3 |  4- 6 |  7- 9 || total
-------------------------+-------+-------+-------++-------
Melee: Spear             |   103 |   269 |     3 ||   375
Invok: Bend Space        |       |     4 |       ||     4
 Abil: Dig               |     1 |     8 |       ||     9
  Use: Scroll            |       |     7 |       ||     7
       Potion            |       |     1 |       ||     1
Armor: Leather armour    |    22 |    31 |       ||    53
Dodge: Dodged            |    31 |   114 |       ||   145

Table legend: (Time is in decaauts)
 A = Elapsed time spent in this place.
 B = Non-inter-level travel time spent in this place.
 C = Inter-level travel time spent in this place.
 D = Time resting spent in this place.
 E = Time spent auto-exploring this place.
 F = Levels seen in this place.
 G = Mean time per level.
                   A        B        C        D        E       F      G
               +--------+--------+--------+--------+--------+-----+--------+
         Total |   5412 |   5309 |    103 |   1600 |   2934 |   5 | 1082.4 |
       Dungeon |   5402 |   5299 |    103 |   1600 |   2934 |   4 | 1350.5 |
         Abyss |     10 |     10 |      0 |      0 |      0 |   1 |   10.0 |
               +--------+--------+--------+--------+--------+-----+--------+

Top non-repeatable levels by time:
     D:1: 1605 daAuts
     D:3: 1602 daAuts
     D:4: 1126 daAuts
     D:2: 1067 daAuts
 Abyss:1: 10 daAuts
